 Dungeon Crawl Stone Soup version 0.27-a0-1191-g601b473118 (webtiles) character file.

Game seed: 167099728177035539

21501 wakim the Earth Mage (level 12, -6/70 HPs)
             Began as a Gargoyle Earth Elementalist on May 23, 2021.
             Was an Elder of Vehumet.
             Hit by a javelin thrown by a minotaur (25 damage)
             ... on level 2 of the Lair of Beasts.
             The game lasted 01:10:50 (27508 turns).

wakim the Earth Mage (Gargoyle Earth Elementalist) Turns: 27508, Time: 01:10:51

Health: -6/70      AC: 26    Str: 14    XL:     12   Next: 90%
Magic:  10/24      EV: 11    Int: 19    God:    Vehumet [****..]
Gold:   831        SH: 14    Dex: 10    Spells: 12/27 levels left

rFire    + . .     SeeInvis .   a - +3 flail (holy)
rCold    + + +     Faith    .   N - +0 kite shield {rC+ rF+}
rNeg     + . .     Spirit   .   h - +0 acid dragon scales
rPois    ∞         Reflect  +   e - +0 helmet
rElec    +         Harm     .   n - +1 cloak {Will+}
rCorr    +         Rampage  .   o - +2 pair of gloves
Will     .....                  (no boots)
Stlth    +.........             B - amulet "Weax" {Reflect rPois rC+ Will- rCorr SH+5}
HPRegen  0.21/turn              f - ring of protection from cold
MPRegen  0.19/turn              k - +4 ring of protection

@: no status effects
A: sickness immunity, AC +8, negative energy resistance 1, electricity
resistance, torment resistance 1, petrification resistance
a: Renounce Religion


You were on level 2 of the Lair of Beasts.
You worshipped Vehumet.
Vehumet was greatly pleased with you.
You visited 3 branches of the dungeon, and saw 16 of its levels.
You also visited: Gauntlet.

You collected 831 gold pieces.

Inventory:

Hand Weapons
 a - a +3 flail of holy wrath (weapon)
 b - a +2 whip of flaming
 L - a +0 eveningstar
Missiles
 c - a curare-tipped dart {=f}
 q - 3 boomerangs of dispersal {=f!f}
 s - 311 stones
Armour
 e - a +0 helmet (worn)
 h - +0 acid dragon scales (worn)
 n - a +1 cloak of willpower (worn)
 o - a +2 pair of gloves (worn)
 N - a +0 kite shield of resistance (worn)
 O - a +2 robe of cold resistance
Jewellery
 f - a ring of protection from cold (left hand)
 i - a ring of resist corrosion
 k - a +4 ring of protection (right hand)
 l - a +4 ring of evasion
 y - a ring of fire
 B - the amulet "Weax" (around neck) {Reflect rPois rC+ Will- rCorr SH+5}
   (You found it in a Gauntlet)

   [amulet of reflection]

   It reflects blocked missile attacks.
   It protects you from cold.
   It protects you from poison.
   It protects you from acid and corrosion.
   It affects your SH (+5).
   It decreases your willpower.
 K - a ring of flight
Wands
 t - a wand of digging (7)
 v - a wand of flame (31)
 w - a wand of acid (11)
 x - a wand of iceblast (12)
 z - a wand of charming (4)
Scrolls
 j - 4 scrolls of enchant armour
 r - a scroll of identify
 T - 7 scrolls of teleportation
 U - a scroll of fear
 X - 2 scrolls of fog
Potions
 d - a potion of lignification {unknown}
 g - a potion of mutation {unknown}
 m - a potion of attraction {unknown}
 A - a potion of might {unknown}
 C - a potion of berserk rage {!q}
 D - 5 potions of brilliance
 E - a potion of cancellation
 F - 8 potions of curing
 G - a potion of flight
 H - 4 potions of haste
 I - a potion of invisibility
 J - 3 potions of heal wounds


   Skills:
 - Level 6.0 Fighting
 - Level 8.0 Maces & Flails
 + Level 4.2 Armour
 + Level 6.9 Dodging
 - Level 2.1 Stealth
 + Level 4.5 Shields
 - Level 8.0 Spellcasting
 - Level 3.0 Conjurations
 - Level 3.0 Transmutations
 - Level 15.0 Earth Magic


You had 12 spell levels left.
You knew the following spells:

 Your Spells              Type           Power      Damage    Failure   Level
a - Sandblast             Erth           100%       2d20      1%          1
b - Lee's Rapid Deconstr  Erth           29%        3d16*     1%          5
c - Sticky Flame          Conj/Fire      13%        2d4       52%         4
q - Passwall              Tmut/Erth      34%        N/A       1%          2
x - Stone Arrow           Conj/Erth      82%        3d12      1%          3

Your spell library contained the following spells:

 Spells                   Type           Power      Damage    Failure   Level
 Foxfire                  Conj/Fire      52%        2x1d6     7%          1
 Petrify                  Tmut/Erth      41%        N/A       12%         4
 Conjure Flame            Conj/Fire      13%        6-21      21%         3
 Ignite Poison            Fire/Tmut/Pois 11%        N/A       24%         3
 Inner Flame              Hex/Fire       7%         N/A       34%         3
 Animate Skeleton         Necr           14%        N/A       43%         1
 Pain                     Necr           28%        1d5       43%         1
 Borgnjor's Vile Clutch   Necr/Erth      18%        N/A       52%         5
 Corpse Rot               Necr/Air       N/A        N/A       58%         2
 Vampiric Draining        Necr           3%         2d6       82%         3
 Fireball                 Conj/Fire      6%         3d5       83%         5
 Hydra Form               Tmut           9%         N/A       98%         5
 Animate Dead             Necr           3%         N/A       99%         4
 Agony                    Necr           7%         N/A       100%        5
 Summon Forest            Summ/Tloc      3%         N/A       100%        5
 Death Channel            Necr           3%         N/A       100%        6
 Eringya's Noxious Bog    Tmut/Pois      6%         N/A       100%        6
 Simulacrum               Ice/Necr       3%         N/A       100%        6
 Starburst                Conj/Fire      6%         8x6d4     100%        6
 Summon Hydra             Summ           3%         N/A       100%        7
 Ignition                 Fire           3%         3d4       100%        8


Dungeon Overview and Level Annotations

Branches:
Dungeon (12/15)            Temple (1/1) D:4            Lair (3/6) D:10
    Orc (0/2) D:11        Gauntlet (visited)
  Swamp: Lair:2-4    Shoals: Lair:2-4     Snake: Lair:2-4    Spider: Lair:2-4

Altars:
Ashenzari
Cheibriados
Dithmenos
Elyvilon
Fedhas
Gozag
Hepliaklqana
Kikubaaqudgha
Makhleb
Nemelex Xobeh
Okawaru
Qazlal
Ru
Sif Muna
Trog
Uskayaw
Vehumet
Wu Jian
Xom
Yredelemnul
Zin
The Shining One

Shops:
D:11 [

Portals:
Trove: D:11 (give +2 storm dragon scales)

Annotations:
D:11 3 runed translucent doors, toffzen's ghost, journeyman TeBe


Innate Abilities, Weirdness & Mutations

You are immune to sickness and miasma.
Your stone body is resilient. (AC +8)
You are immune to poison.
You resist negative energy. (rN+)
You are resistant to electric shocks. (rElec)
You are resistant to unholy torment.
You are immune to petrification.


Message History

The stone arrow misses the minotaur.
The minotaur throws a javelin.
The javelin pierces through you but does no damage.
The stone arrow misses the minotaur.
You don't have enough magic to cast this spell.
The minotaur throws a javelin.
The javelin pierces through you!
The minotaur throws a javelin.
The javelin pierces through you but does no damage.
The minotaur throws a javelin.
The javelin misses you.
The minotaur throws a javelin.
The javelin pierces through you!
The minotaur throws a javelin.
The javelin barely misses you.
The stone arrow hits the minotaur!!
The minotaur is severely wounded.
The stone arrow hits the minotaur.
The minotaur is severely wounded.
The stone arrow hits the minotaur!
The minotaur is almost dead.
The minotaur throws a javelin.
The javelin barely misses you.
The minotaur throws a javelin.
The javelin pierces through you!
* * * LOW HITPOINT WARNING * * *
The minotaur throws a javelin.
The javelin pierces through you!!
* * * LOW HITPOINT WARNING * * *
Okay, then.
You feel much better.
The minotaur throws a javelin.
The javelin misses you.
Unknown command.
The minotaur throws a javelin.
The javelin pierces through you!!
* * * LOW HITPOINT WARNING * * *
The minotaur throws a javelin.
The javelin closely misses you.
Casting: Stone Arrow (safe; 1% risk of failure)
Confirm with . or Enter, or press ? or * to list all spells.
Aiming: Passwall (safe; 1% risk of failure)
Press: ? - help, Dir - move target A rock wall.
You begin to meditate on the wall.
You continue meditating on the rock. x3
You finish merging with the rock.
There are no items here.
You start resting.
A minotaur is nearby!
The minotaur throws a javelin.
The javelin barely misses you.
The minotaur throws a javelin.
The javelin pierces through you!!
You die...

....H...........PP........#### #.
..........##............#.#..###.
......#...##....#...........# #..
.........#..................# #..
.........#..................# ##.
.....P......................###P.
.......................P..#..##..
..........................#....>.
.....#..##.>....@...........P#...
........###..#.####HP..........#.
........##P.##..###..............
........###.##.#.##.#........##..
............##...............###.
.............................###.
..............................##.
...#.#[###....................##.
.............##..............###.


You could see a minotaur.

Vanquished Creatures
  2 hydras
  A catoblepas (Lair:1)
  2 death yaks
  2 two-headed ogres (D:10)
  A spectral death yak (Gauntlet)
  2 wizards (Gauntlet)
  A cyclops (D:8)
  A gargoyle (Gauntlet)
  4 cane toads
  A torpor snail (Gauntlet)
  A kobold demonologist (D:11)
  5 komodo dragons
  An efreet (Gauntlet)
  2 trolls (D:10)
  A guardian mummy (D:11)
  A polar bear (Lair:2)
  Grinder (D:4)
  5 slime creatures
  Sigmund (D:6)
  A shadow (D:11)
  2 wraiths
  2 wyverns
  2 basilisks (Lair:1)
  A vampire (D:11)
  10 yaks
  A steam dragon (D:9)
  A fire elemental (Gauntlet)
  The ghost of bmj180 the Conjurer, an amateur DrCj (D:3)
  Edmund (D:4)
  4 water moccasins
  An acid dragon (D:11)
  3 hell hounds (Gauntlet)
  Duvessa (D:4)
  2 hornet zombies
  5 orc warriors
  An ice beast (D:8)
  3 black bears
  A necrophage (D:8)
  6 centaurs
  2 wolves (Lair:1)
  An ogre (D:5)
  A phantom (D:6)
  4 kobold brigands
  9 bullfrogs
  Blork the orc (D:6)
  2 scorpions
  A wyvern zombie (D:8)
  2 gnoll sergeants
  Dowan (D:4)
  5 killer bees (D:10)
  2 howler monkeys
  2 bullfrog zombies
  5 centaur zombies
  A jelly (D:7)
  2 hounds
  Crazy Yiuf (D:5)
  A gnoll shaman (D:3)
  10 orc priests
  A bullfrog skeleton (D:4)
  A centaur skeleton (D:6)
  Terence (D:2)
  2 iguanas (D:5)
  8 orc wizards
  2 hell rats (D:10)
  A hound skeleton (D:2)
  2 howler monkey zombies
  13 gnolls
  6 adders
  2 river rats (D:10)
  2 shadow imps (Gauntlet)
  5 white imps
  3 ufetubi
  2 adder skeletons (D:4)
  3 worms
  5 dart slugs
  34 orcs
  10 ball pythons
  4 bats
  3 endoplasms
  3 giant cockroaches
  7 goblins
  9 hobgoblins
  11 jackals
  A quokka (D:10)
  4 frilled lizards
  10 kobolds
  7 rats
299 creatures vanquished.

Vanquished Creatures (others)
  An orc wizard (D:11)
  5 fungi
  7 plants
13 creatures vanquished.

Grand Total: 312 creatures vanquished

Notes
Turn   | Place    | Note
-------+----------+-------------------------------------------
     0 | D:1      | wakim the Gargoyle Earth Elementalist began the quest for
                  | the Orb.
     0 | D:1      | Reached XP level 1. HP: 10/10 MP: 3/3
   720 | D:1      | Reached skill level 4 in Earth Magic
   720 | D:1      | Reached XP level 2. HP: 12/15 MP: 3/5
  1671 | D:1      | Reached XP level 3. HP: 19/19 MP: 6/6
  2077 | D:2      | Reached skill level 5 in Earth Magic
  2407 | D:2      | Noticed Terence
  2415 | D:2      | Killed Terence
  2416 | D:2      | Reached XP level 4. HP: 14/24 MP: 1/7
  2980 | D:2      | Found a faded altar of an unknown god.
  3095 | D:2      | Learned a level 3 spell: Stone Arrow
  3097 | D:3      | Noticed bmj180's ghost (amateur DrCj)
  3108 | D:3      | Found a runed translucent door.
  3484 | D:3      | Reached skill level 6 in Earth Magic
  3484 | D:3      | Reached XP level 5. HP: 28/28 MP: 5/8
  3509 | D:3      | Reached skill level 1 in Conjurations
  5021 | D:3      | Reached skill level 7 in Earth Magic
  5022 | D:3      | Reached XP level 6. HP: 32/32 MP: 5/9
  5838 | D:4      | Learned a level 5 spell: Lee's Rapid Deconstruction
  5974 | D:3      | Reached skill level 1 in Shields
  6261 | D:4      | Found a shimmering altar of Xom.
  6454 | D:4      | Reached XP level 7. HP: 36/36 MP: 3/10
  6461 | D:4      | Reached skill level 8 in Earth Magic
  6889 | D:4      | Noticed Grinder
  6894 | D:4      | Killed Grinder
  7012 | D:4      | Noticed Dowan
  7055 | D:4      | Noticed Duvessa
  7352 | D:4      | Found a staircase to the Ecumenical Temple.
  7394 | Temple   | Entered the Ecumenical Temple
  7490 | Temple   | Became a worshipper of Vehumet
  7963 | D:4      | Killed Duvessa
  7989 | D:4      | Killed Dowan
  8180 | D:5      | Entered Level 5 of the Dungeon
  8182 | D:5      | Reached XP level 8. HP: 41/41 MP: 7/11
  8254 | D:5      | Found a runed translucent door.
  8255 | D:5      | Noticed Crazy Yiuf
  8260 | D:5      | Killed Crazy Yiuf
  8958 | D:5      | Noticed Edmund
  9018 | D:4      | Killed Edmund
  9019 | D:4      | Reached skill level 5 in Dodging
  9221 | D:5      | Reached skill level 1 in Maces & Flails
  9671 | D:5      | Found a glowing golden altar of the Shining One.
  9815 | D:5      | Found a glowing silver altar of Zin.
 10741 | D:6      | Reached XP level 9. HP: 30/45 MP: 5/12
 10985 | D:6      | Noticed Sigmund
 11188 | D:5      | Reached * piety under Vehumet
 11188 | D:5      | Offered knowledge of Foxfire by Vehumet.
 11236 | D:6      | Killed Sigmund
 11237 | D:6      | Reached skill level 5 in Maces & Flails
 11980 | D:6      | Found a blossoming altar of Fedhas.
 11995 | D:6      | Noticed Blork the orc
 12005 | D:6      | Killed Blork the orc
 12087 | D:6      | Reached skill level 1 in Fighting
 12416 | D:7      | Found a shadowy altar of Dithmenos.
 13012 | D:7      | Reached skill level 5 in Spellcasting
 13543 | D:8      | Reached skill level 9 in Earth Magic
 13621 | D:8      | Noticed a cyclops
 13693 | D:8      | Killed a cyclops
 13694 | D:8      | Reached skill level 10 in Earth Magic
 13694 | D:8      | Reached XP level 10. HP: 56/56 MP: 9/17
 14748 | D:9      | Found a shimmering blue altar of Sif Muna.
 14780 | D:9      | Found a stormy altar of Qazlal.
 14798 | D:9      | Reached skill level 11 in Earth Magic
 15044 | D:9      | Offered knowledge of Magic Dart by Vehumet.
 15047 | D:9      | Reached ** piety under Vehumet
 15206 | D:9      | Reached skill level 12 in Earth Magic
 15655 | D:9      | Found an ornate altar of the Wu Jian Council.
 15941 | D:10     | Entered Level 10 of the Dungeon
 16057 | D:10     | Noticed a death yak
 16058 | D:10     | Noticed a two-headed ogre
 16058 | D:10     | Noticed a death yak
 16080 | D:10     | Killed a two-headed ogre
 16081 | D:10     | Reached skill level 13 in Earth Magic
 17304 | D:10     | Noticed a death yak
 17499 | D:10     | Found a staircase to the Lair.
 17753 | D:10     | Reached XP level 11. HP: 60/60 MP: 13/19
 18002 | D:11     | Noticed a two-headed ogre
 18056 | D:10     | Killed a two-headed ogre
 18661 | D:11     | Reached skill level 5 in Fighting
 18766 | D:11     | Found a runed translucent gate.
 18768 | D:11     | Found a runed translucent gate.
 18769 | D:11     | Found a runed translucent gate.
 18771 | D:11     | Noticed toffzen's ghost (journeyman TeBe)
 18954 | D:11     | Found a staircase to the Orcish Mines.
 18973 | D:11     | Offered knowledge of Ignite Poison by Vehumet.
 19077 | D:11     | Found Japooffi's Armour Shoppe.
 19278 | D:11     | Found a portal to a secret trove of treasure.
 19574 | D:11     | Learned a level 2 spell: Passwall
 20025 | D:3      | Killed bmj180's ghost
 20026 | D:3      | Reached skill level 1 in Transmutations
 20929 | D:7      | HP: 3/64 [slime creature (13)]
 21439 | D:11     | Noticed a soul eater
 21822 | D:10     | Identified the +3 spear "Iruisch" {drain, +Blink rElec
                  | Stlth+}
 21856 | D:10     | Reached *** piety under Vehumet
 22649 | Lair:1   | Entered Level 1 of the Lair of Beasts
 22798 | D:10     | Offered knowledge of Mephitic Cloud by Vehumet.
 23058 | D:10     | Killed a death yak
 23193 | D:8      | Killed a death yak
 23570 | D:10     | Reached XP level 12. HP: 50/70 MP: 17/22
 23692 | Lair:1   | Noticed a four-headed hydra
 23714 | D:10     | Killed a four-headed hydra
 23715 | D:10     | Reached skill level 14 in Earth Magic
 25624 | Lair:2   | Reached skill level 1 in Armour
 25624 | Lair:2   | Reached skill level 15 in Earth Magic
 25636 | Lair:2   | Found a gate leading to a gauntlet.
 25648 | Gauntlet | Entered a Gauntlet
 25648 | Gauntlet | Found a transporter.
 25652 | Gauntlet | Noticed a catoblepas
 25812 | Gauntlet | Found a transporter.
 25816 | Gauntlet | Found a transporter.
 25821 | Gauntlet | Found a transporter.
 25822 | Gauntlet | Noticed a death scarab
 25824 | Gauntlet | Found a transporter.
 25829 | Gauntlet | Found a transporter.
 25832 | Gauntlet | Found a runed translucent door.
 25834 | Gauntlet | Found a runed translucent door.
 25836 | Gauntlet | Found a transporter.
 25840 | Gauntlet | Found a transporter.
 25845 | Gauntlet | Found a transporter.
 25848 | Gauntlet | Found a transporter.
 25852 | Gauntlet | Found a transporter.
 25857 | Gauntlet | Found a transporter.
 25860 | Gauntlet | Noticed a four-headed hydra
 25861 | Gauntlet | Found a transporter.
 25906 | Gauntlet | Found a transporter.
 26187 | Gauntlet | Identified the -1 cloak "Ocehan" {-Tele rF+ Slay+2}
 26284 | Gauntlet | Reached **** piety under Vehumet
 26373 | Gauntlet | Identified the -5 hat of the Devil's Team {Str+4 Dex-3
                  | Stlth+}
 26506 | Gauntlet | Identified the amulet "Weax" {Reflect rPois rC+ Will- rCorr
                  | SH+5}
 26511 | Gauntlet | Offered knowledge of Sticky Flame by Vehumet.
 26511 | Gauntlet | Killed a four-headed hydra
 26517 | Gauntlet | Identified the +5 battleaxe of the Battered Emperors
                  | {protect, Contam Str+4 Dex+5}
 26517 | Gauntlet | Identified the ring of Nuckeitsie {Fly Str+4 Dex+4}
 26517 | Gauntlet | Noticed a minotaur
 27033 | Lair:2   | Noticed a catoblepas
 27043 | Lair:1   | Killed a catoblepas
 27132 | Lair:2   | Learned a level 4 spell: Sticky Flame
 27508 | Lair:2   | Hit by a javelin thrown by a minotaur

Illustrated notes

Levels and vault maps discovered:
D:1:      heliophobic_arrival_ceremonial_halls, layout_basic,
          minmay_misc_feat_enclosed
D:2:      layout_loops_ring, shapermc_ecumenical_altar_mp_highgroup,
          st_stairs_13, minivault_14, minmay_between, uniq_terence
D:3:      layout_loops_corners, hellmonk_ghost_happy_afterlife,
          grunt_ministairs_15, minmay_distorted
D:4:      layout_gridville, lemuel_doored_altar,
          minmay_temple_entry_glassed_door, chequers_serial_rivers_room_b,
          chequers_serial_rivers_micro_b, uniq_grinder, uniq_duvessa
D:5:      layout_rooms, zin_statuary, nicolae_tso_swordbearing_angel,
          uniq_crazy_yiuf_cottage, uniq_edmund
D:6:      layout_basic, lemuel_tele_altar, uniq_sigmund, uniq_blork_the_orc
D:7:      layout_gridville, old_standard_altar
D:8:      layout_loops_ring
D:9:      layout_small_grid, nicolae_qazlal_scattered_showers,
          pdpol_wu_jian_five_deadly_venoms, tgw_sif, abandoned_shop
D:10:     layout_basic, dpeg_lair_monsters
D:11:     layout_rooms, orc_david_3, gammafunk_ghost_necromancy,
          nicolae_trove_entry_path_of_doom
D:12:     layout_basic, fedhas_ov_isle_minmay
Temple:   nicolae_temple_great_sept
Lair:1:   layout_layer_cave, beast_lair_carwin_5
Lair:2:   layout_gridlike, gauntlet_entry_generic, serial_bayou_shore_b
Lair:3:   nzn_winding_woodlands_large [nzn_winding_woodlands_5x5_open_star,
          nzn_winding_woodlands_5x15_sawtooth,
          nzn_winding_woodlands_5x5_checkerboard,
          nzn_winding_woodlands_center_diamonds,
          nzn_winding_woodlands_15x15_killbox,
          nzn_winding_woodlands_center_pierced_h,
          nzn_winding_woodlands_5x5_perimeter,
          nzn_winding_woodlands_5x15_default, nzn_winding_woodlands_hourglass],
          layout_cave_pods, spider_nest_entry_a

Skill      XL: |  1  2  3  4  5  6  7  8  9 10 11 12 |
---------------+-------------------------------------+-----
Earth Magic    | 4 5 6 7 8 10 13 15 | 15.0
Conjurations   | 2 3 |  3.0
Shields        | 1 4 |  4.5
Dodging        | 3 5 6 |  6.9
Maces & Flails | 3 5 8 |  8.0
Spellcasting   | 5 7 8 |  8.0
Fighting       | 3 6 |  6.0
Transmutations | 3 |  3.0
Armour         | 4 |  4.2
Stealth        | |  2.1

Action                   |  1- 3 |  4- 6 |  7- 9 | 10-12 || total
-------------------------+-------+-------+-------+-------++-------
Melee: Unarmed           |    58 |       |       |       ||    58
       Whip              |    88 |   155 |    54 |       ||   297
       Short sword       |     1 |       |       |       ||     1
       Mace              |       |       |    39 |       ||    39
       Flail             |       |       |    72 |   286 ||   358
Throw: Boomerang         |       |       |       |     3 ||     3
 Cast: Sandblast         |    16 |    68 |    19 |    35 ||   138
       Stone Arrow       |       |     8 |   107 |   164 ||   279
       Lee's Rapid Decon |       |       |     1 |    72 ||    73
       Passwall          |       |       |       |     6 ||     6
  Use: Scroll            |     2 |     4 |     4 |     7 ||    17
       Potion            |       |       |       |     1 ||     1
 Stab: Sleeping          |     7 |     1 |       |       ||     8
Armor: Robe              |    68 |   103 |   133 |    74 ||   378
       Acid dragon scale |       |       |       |   168 ||   168
Dodge: Dodged            |   119 |   144 |   141 |   347 ||   751
Block: Buckler           |       |    18 |    56 |   113 ||   187
       Kite shield       |       |       |       |     1 ||     1

Table legend: (Time is in decaauts)
 A = Elapsed time spent in this place.
 B = Non-inter-level travel time spent in this place.
 C = Inter-level travel time spent in this place.
 D = Time resting spent in this place.
 E = Time spent auto-exploring this place.
 F = Levels seen in this place.
 G = Mean time per level.
                   A        B        C        D        E       F      G
               +--------+--------+--------+--------+--------+-----+--------+
         Total |  27654 |  25838 |   1816 |   4617 |  15854 |  17 | 1626.7 |
       Dungeon |  24142 |  22408 |   1734 |   3782 |  14115 |  12 | 2011.8 |
        Temple |    106 |     97 |      9 |      0 |     52 |   1 |  106.0 |
          Lair |   2499 |   2426 |     73 |    403 |   1493 |   3 |  833.0 |
      Gauntlet |    905 |    905 |      0 |    432 |    194 |   1 |  905.0 |
               +--------+--------+--------+--------+--------+-----+--------+

Top non-repeatable levels by time:
    D:10: 3268 daAuts
     D:6: 2484 daAuts
     D:2: 2311 daAuts
     D:9: 2288 daAuts
     D:4: 2237 daAuts
     D:3: 2155 daAuts
     D:8: 2120 daAuts
     D:5: 2020 daAuts
     D:1: 1977 daAuts
     D:7: 1723 daAuts
  Lair:1: 1554 daAuts
    D:11: 1552 daAuts
Gauntlet: 905 daAuts
  Lair:2: 658 daAuts
  Lair:3: 286 daAuts
